 Dungeon Crawl Stone Soup version 0.24.0-1-gfbc8707122 (webtiles) character file.

Game seed: 16584953206282980807, levelgen mode: deterministic

44 Esekla the Skirmisher (level 3, 0/43 HPs)
             Began as a Human Abyssal Knight on Oct 28, 2019.
             Was a Follower of Lugonu.
             Succumbed to an adder's poison
             ... on level 3 of the Dungeon.
             The game lasted 00:07:54 (2011 turns).

Esekla the Skirmisher (Human Abyssal Knight)        Turns: 2011, Time: 00:07:54

Health: 0/43       AC: 21    Str: 12    XL:     3   Next: 85%
Magic:  4/4        EV:  2    Int: 12    God:    Lugonu [*.....]
Gold:   97         SH:  0    Dex: 13    Spells: 2/2 levels left

rFire    . . .     SeeInvis .   a - +1 falchion
rCold    . . .     Gourm    .   (no shield)
rNeg     + + +     Faith    .   (armour currently unavailable)
rPois    +         Spirit   .   (helmet currently unavailable)
rElec    .         Reflect  .   (cloak currently unavailable)
rCorr    .         Harm     .   (gloves currently unavailable)
MR       .....     NoTele   +   (boots currently unavailable)
Stlth    +.........             (no amulet)
HPRegen  0.14/turn              (no ring)
MPRegen  0.09/turn              (no ring)

@: lethally poisoned (0 -> -19), tree-form
A: no striking features
a: Depart the Abyss, Renounce Religion


You were on level 3 of the Dungeon.
You worshipped Lugonu.
Lugonu was aware of your devotion.
You were not hungry.
You were a tree.
You visited 1 branch of the dungeon, and saw 3 of its levels.
You visited the Abyss 1 time.

You collected 97 gold pieces.

Inventory:

Hand Weapons
 a - a +1 falchion (weapon)
 d - a +1 hunting sling of velocity
 n - a +0 trident
Armour
 b - a +0 leather armour (melded)
 h - a +0 cloak
Scrolls
 f - a scroll of fear {unknown}
 g - 2 scrolls of blinking {unknown}
 i - a scroll of magic mapping {unknown}
 j - a scroll of identify {unknown}
 p - a scroll of amnesia {unknown}
Potions
 k - a potion of cancellation {unknown}
 m - a potion of haste {unknown}
 o - a potion of curing {unknown}
Comestibles
 c - 5 rations


   Skills:
 + Level 3.5 Fighting
 + Level 2.6 Long Blades
 + Level 2.4 Armour
 + Level 1.4 Dodging
 + Level 2.1 Invocations


You had 2 spell levels left.
You didn't know any spells.
Your spell library was empty.

Dungeon Overview and Level Annotations

Branches:
Dungeon (3/15)

Altars:


Message History

You barely miss the adder.
The adder is heavily wounded.
You feel sick. The adder bites you.
* * * LOW HITPOINT WARNING * * *
You are more poisoned.
The adder poisons you! The adder misses you.
You hit the adder.
The adder is almost dead.
* * * LOW HITPOINT WARNING * * *
You feel sick. The adder bites you.
* * * LOW HITPOINT WARNING * * *
You are more poisoned.
The adder poisons you! The adder closely misses you.
It was a potion of lignification.
You turn into a tree.
Your +0 leather armour melds into your body.
Your roots penetrate the ground.
* * * LOW HITPOINT WARNING * * *
You feel sick. The adder bites you but does no damage.
It was a potion of magic.
Magic courses through your body.
You die...

.. .# #####.###.
#.......#.
......... .........
........##
.........#######..#
.........sS♣.......
..$.......#######..
.........<....#
#..........##..#
#.......##.# ..
###(....# .!
#.##).. ... #..
##.. .... #. ##
...##


You could see an adder and a giant cockroach.

Vanquished Creatures
  2 adders (D:2)
  A worm (D:2)
  2 ball pythons
  A giant cockroach (D:2)
  5 hobgoblins
  3 quokkas (D:2)
  4 bats
  2 frilled lizards
  2 rats
22 creatures vanquished.

Notes
Turn   | Place    | Note
-------+----------+-------------------------------------------
     0 | Abyss:1  | Esekla the Human Abyssal Knight began the quest for the
                  | Orb.
     0 | Abyss:1  | Reached XP level 1. HP: 18/18 MP: 2/2
     5 | Abyss:1  | Found a transporter.
     5 | Abyss:1  | Noticed a hell hound
     5 | Abyss:1  | Noticed a lich
     5 | Abyss:1  | Noticed a starcursed mass
     6 | Abyss:1  | Noticed a lindwurm
     6 | Abyss:1  | Noticed a worldbinder
     6 | Abyss:1  | Noticed a tentacled monstrosity
     6 | Abyss:1  | Noticed a smoke demon
     7 | Abyss:1  | Noticed a cacodemon
    56 | Abyss:2  | Noticed a large abomination
   107 | Abyss:2  | Noticed a large abomination
   115 | Abyss:2  | Noticed a thrashing horror
   120 | D:1      | Escaped the Abyss
   416 | D:1      | Reached * piety under Lugonu
   611 | D:1      | Reached XP level 2. HP: 11/24 MP: 3/3
  1498 | D:2      | Reached XP level 3. HP: 29/29 MP: 4/4
  1910 | D:2      | Found a faded altar of an unknown god.
  2010 | D:3      | HP: 2/43 [poisoned by an adder]
  2011 | D:3      | Succumbed to an adder's poison

Levels and vault maps discovered:
D:1:      mainiacjoe_arrival_reflecting_pool, layout_basic,
          kennysheep_decorative_pillar, minmay_tetromino_t2
D:2:      layout_loops_cross, chequers_ecumenical_altar_twisty
D:3:      layout_rooms, first_ration

Action                   || total
-------------------------++-------
Melee: Falchion          ||    83
Invok: Depart the Abyss  ||     1
  Use: Potion            ||     2
  Eat: Chunk             ||     3
Armor: Leather armour    ||    22
       Skin              ||     1
Dodge: Dodged            ||    56
       Rpst.: Falchion   ||    14
